AoeStats
← TVHG.- TheCuervo

Arabia

510593201Analyzed
4v4 RM · 14h ago on Oct 1, 2026· 28m 11s· 8 players
Game mode
Random Map
Map size
Large (8 player)
Population
200
Speed
Normal
Resources
Standard
Victory
Conquest
Starting age
Dark Age
Ending age
Imperial Age
RankedLock teamsTeams togetherTeam positionsShared explorationLock speedFull tech treeHidden civsTurbo modeCheats
Victory
Defeat
🇵🇪 Maya · Peru
1484
+9
🇦🇷 Britons · Argentina
1407
+12
🇦🇷 Persians · Argentina
1366
+13
🇦🇷 Franks · Argentina
1363
+13
🇨🇳 Lithuanians · China
1377
-14
🇨🇳 Britons · China
1319
-12
🇨🇳 Maya · China
1287
-11
🇫🇷 Franks · France
1259
-10
NocturnalPharmakon
2:44 Loom
6:15 Loom
8:53 Feudal Age
9:22 Double-Bit Axe
14:22 Fletching
羊了个羊
8:06 Loom
10:07 Feudal Age
15:01 Castle Age
根本赢不了
0:29 Loom
9:39 Feudal Age
11:34 Double-Bit Axe
12:09 Fletching
15:53 Padded Archer Armor
26:06 Castle Age
25:33 Gold Mining
26:56 Bodkin Arrow
26:22 Crossbowman
27:48 Leather Archer Armor
Faufau
7:36 Loom
10:01 Feudal Age
10:34 Double-Bit Axe
13:54 Scale Barding Armor
21:08 Castle Age
22:14 Chain Barding Armor
22:04 Forging
24:15 Husbandry
TVHG.Phraymus
0:27 Loom
9:41 Feudal Age
10:24 Double-Bit Axe
12:09 Fletching
23:35 Castle Age
24:19 Bodkin Arrow
23:46 Crossbowman
28:02 Imperial Age
27:42 Gold Mining
27:43 Stone Mining
TVHG.DooM
6:48 Loom
9:31 Feudal Age
11:01 Double-Bit Axe
20:18 Scale Barding Armor
20:24 Forging
23:24 Castle Age
24:08 Husbandry
24:45 Iron Casting
24:31 Chain Barding Armor
25:14 Wheelbarrow
24:39 Gold Mining
25:16 Bow Saw
27:42 Wheelbarrow
26:53 Town Watch
TVHG.llavero maldito
5:08 Loom
9:39 Feudal Age
10:14 Double-Bit Axe
13:17 Fletching
23:21 Castle Age
21:42 Gold Mining
22:33 Padded Archer Armor
23:25 Crossbowman
24:06 Bodkin Arrow
TVHG.- TheCuervo
7:02 Loom
9:00 Feudal Age
10:43 Bloodlines
10:45 Double-Bit Axe
15:39 Scale Barding Armor
16:25 Forging
16:54 Horse Collar
19:26 Wheelbarrow
19:28 Loom
22:00 Castle Age
21:59 Light Cavalry
22:41 Husbandry
23:40 Iron Casting
23:30 Bow Saw
24:00 Loom
24:40 Devotion
25:31 Chain Barding Armor
Connection lost

Rejoining the realm…

Still unreachable

The connection could not be restored.

Session expired

The server has moved on; the page needs a fresh start.